 Dungeon Crawl Stone Soup version 0.30-a0-141-g30f27751c5 (webtiles) character file.

Game seed: 5601865977577498837

2248 qw the Fighter (level 9, 0/68 HPs)
             Began as a Gargoyle Fighter on Sept 25, 2022.
             Killed from afar by a white imp (7 damage)
             ... with a puff of frost
             ... on level 7 of the Dungeon.
             The game lasted 00:02:32 (6405 turns).

qw the Fighter (Gargoyle Fighter)                   Turns: 6405, Time: 00:02:33

Health: 0/68       AC: 24    Str: 24    XL:     9   Next: 37%
Magic:  9/9        EV: 11    Int:  9    God:
Gold:   358        SH:  5    Dex: 15    Spells: 8/8 levels left

rFire   . . .      SeeInvis .    Y - +0 war axe (protect)
rCold   . . .      Faith    .    c - +0 buckler
rNeg    + + .      Spirit   .    v - +1 acid dragon scales
rPois   inf        Reflect  .    (no helmet)
rElec   +          Harm     .    (no cloak)
rCorr   +          Rampage  .    (no gloves)
Will    .....                    o - +2 pair of boots
Stlth   +.........               (no amulet)
HPRegen 0.21/turn                g - ring of positive energy
MPRegen 0.11/turn                s - +6 ring of dexterity

@: about to teleport, under a protective aura
A: sickness immunity, AC +6, negative energy resistance 1, electricity
resistance, torment resistance 1, petrification resistance
a: no special abilities


You were on level 7 of the Dungeon.
You visited 1 branch of the dungeon, and saw 7 of its levels.

You collected 358 gold pieces.


Innate Abilities, Weirdness & Mutations

You are immune to sickness and miasma.
Your stone body is resilient. (AC +6)
You are immune to poison.
You resist negative energy. (rN+)
You are resistant to electric shocks. (rElec)
You are resistant to unholy torment.
You are immune to petrification.


   Skills:
 - Level 13.3 Fighting
 + Level 8.0 Axes
 - Level 1.2 Throwing
 - Level 3.2 Armour
 - Level 2.1 Dodging
 - Level 3.2 Shields


You had 8 spell levels left.
You didn't know any spells.
Your spell library was empty.

Inventory:

Hand Weapons
 k - a +0 war axe of flaming
 Y - a +0 war axe of protection (weapon)
Missiles
 j - a boomerang (quivered)
Armour
 c - a +0 buckler (worn)
 o - a +2 pair of boots (worn)
 v - +1 acid dragon scales (worn)
Jewellery
 g - a ring of positive energy (left hand)
 m - a ring of ice
 s - a +6 ring of dexterity (right hand)
Scrolls
 h - a scroll of identify
 i - 2 scrolls of teleportation
Potions
 a - 2 potions of lignification
 b - a potion of degeneration {unknown}
 d - a potion of might
 e - 3 potions of heal wounds
 f - 5 potions of attraction
 l - 3 potions of cancellation
 n - a potion of mutation
 q - a potion of curing
 r - a potion of resistance
 t - a potion of ambrosia {unknown}

Dungeon Overview and Level Annotations

Branches:
Dungeon (7/15)
 Temple: D:4-7

Altars:
Cheibriados
Elyvilon
Qazlal
Ru
Sif Muna
Trog
Vehumet
Zin
The Shining One

Shops:
D:1 =

Annotations:
D:6 2 transporters, qw's ghost, novice GrFi


Message History

You slash the orc!
You kill the orc!
You hit the orc. The gnoll misses you. The orc hits you but does no damage.
The gnoll sergeant barely misses you. The gnoll hits you but does no damage.
The gnoll sergeant throws a boomerang.
The boomerang closely misses you. The gnoll completely misses you.
You block the orc's attack. The gnoll hits you but does no damage.
The gnoll barely misses you. The gnoll sergeant barely misses you.
The gnoll sergeant hits you but does no damage.
The gnoll throws a stone.
The stone hits you but does no damage.
You hit the orc.
You kill the orc!
The gnoll sergeant throws a boomerang.
You block the boomerang. The gnoll closely misses you.
The gnoll throws a stone.
The stone hits you but does no damage. The gnoll barely misses you.
The gnoll sergeant barely misses you.
You slash the gnoll!
You kill the gnoll!
You block the gnoll's attack.
The gnoll sergeant hits you but does no damage.
The gnoll barely misses you. You block the gnoll sergeant's attack.
You block the gnoll's attack. The gnoll barely misses you.
The gnoll sergeant hits you but does no damage.
You block the gnoll's attack. The gnoll sergeant misses you.
You slash the gnoll sergeant!
The gnoll sergeant is severely wounded.
You hit the white imp. The gnoll hits you but does no damage.
The white imp barely misses you.
The gnoll sergeant hits you but does no damage.
You block the gnoll's attack. The gnoll hits you but does no damage.
The gnoll sergeant hits you from afar with a +2 vorpal spear!
6405 ||| READING 3 scrolls of teleportation.
As you read the scroll of teleportation, it crumbles to dust.
You feel strangely unstable.
The gnoll hits you from afar with a +0 spear.
The white imp gestures at you. The puff of frost hits you!
You die...

......#....#### ..
######.........## ....##
####........ # .....#
#.#.<.... #. .#..#
##.#...... #.. #...#
###..)......
##...##.g.###....#......
.......#))....#.##......
......g@.)#####.########
.##.##.5)### #..#
#ggg..###.##
#....##.##.>.#
#.##..##......# ..
#..####....# . ..##
##...# .## #...# ..
#...#


You could see 2 gnoll sergeants, 3 gnolls and a white imp.

Vanquished Creatures
  Pikel (D:7)
  Maggie (D:6)
  2 black bears
  An orc warrior (D:5)
  A lemure (D:7)
  A phantom (D:5)
  A kobold brigand (D:7)
  2 necrophages (D:6)
  2 scorpions
  A jelly (D:6)
  A hound (D:4)
  4 orc priests
  Jessica (D:2)
  An iguana (D:6)
  Ijyb (D:4)
  3 orc wizards
  12 gnolls
  8 adders
  2 white imps
  2 ufetubi
  2 worms
  6 dart slugs
  27 orcs
  9 bats
  8 endoplasms
  4 giant cockroaches
  12 goblins
  11 hobgoblins
  3 jackals (D:5)
  3 quokkas
  6 ball pythons
  15 kobolds
  3 rats
157 creatures vanquished.

Notes
Turn   | Place    | Note
-------+----------+-------------------------------------------
     0 | D:1      | qw the Gargoyle Fighter began the quest for the Orb.
     0 | D:1      | Reached XP level 1. HP: 14/14 MP: 1/1
     0 | D:1      | 0 ||| qw: Version: 0.2-a-10-g399e6c4
     0 | D:1      | 0 ||| qw: Game counter: 374
     0 | D:1      | 0 ||| qw: Always use a shield: true
     0 | D:1      | 0 ||| qw: God list: Okawaru
     0 | D:1      | 0 ||| qw: Allow faded altars: false
     0 | D:1      | 0 ||| qw: Do Orc after D:15 true
     0 | D:1      | 0 ||| qw: Do second Lair branch before Depths: true
     0 | D:1      | 0 ||| qw: Lair rune preference: random
     0 | D:1      | 0 ||| qw: Plans: Normal, Zot:1-4, God:TSO, Crypt, Tomb,
                  | Pan, Slime:5, Hells, Abyss, Orb
     0 | D:1      | 0 ||| PLANNING D:1-11
   164 | D:1      | 164 ||| Stepping ~*~*~tactically~*~*~ (stealth).
   362 | D:1      | Reached XP level 2. HP: 19/19 MP: 2/2
   384 | D:1      | HP: 3/19 [kobold/+0 club (4)]
   781 | D:1      | Reached skill level 3 in Axes
   805 | D:1      | Reached XP level 3. HP: 13/23 MP: 3/3
  1057 | D:1      | Found Zufots's Jewellery Emporium.
  1060 | D:1      | 1060 ||| Stepping ~*~*~tactically~*~*~ (hiding).
  1106 | D:1      | 1106 ||| SHOPLISTING +4 ring of evasion (468 gold, have
                  | 28).
  1106 | D:1      | 1106 ||| SHOPLISTING amulet of the acrobat (390 gold, have
                  | 28).
  1106 | D:1      | 1106 ||| SHOPLISTING ring "Vaajide" {Fire rCorr Dex+4} (598
                  | gold, have 28).
  1106 | D:1      | 1106 ||| SHOPLISTING ring of ice (325 gold, have 28).
  1106 | D:1      | 1106 ||| SHOPLISTING ring of protection from cold (325
                  | gold, have 28).
  1106 | D:1      | 1106 ||| SHOPLISTING ring of protection from fire (325
                  | gold, have 28).
  1135 | D:1      | 1135 ||| DROPPING +0 club.
  1297 | D:1      | 1297 ||| UPGRADING to +1 pair of boots.
  1302 | D:1      | 1302 ||| DROPPING ring of flight.
  1303 | D:1      | 1303 ||| READING 2 scrolls labelled HEDU SIFOWK.
  1304 | D:1      | 1304 ||| READING 3 scrolls labelled POOKIDD XYZA.
  1305 | D:1      | 1305 ||| READING scroll labelled RYCLANG HYONEG.
  1306 | D:1      | 1306 ||| READING scroll labelled UKIAPSUALI.
  1307 | D:1      | 1307 ||| READING scroll labelled REMIODW UNITA.
  1308 | D:1      | 1308 ||| READING scroll labelled EXZUREBR LITI.
  1309 | D:1      | 1309 ||| READING scroll labelled KESEJO YLESOU.
  1310 | D:1      | 1310 ||| READING scroll labelled YMIDINOLIN.
  1311 | D:1      | 1311 ||| READING 2 scrolls of identify.
  1311 | D:1      | 1311 ||| IDENTIFYING lumpy sapphire potion
  1312 | D:1      | 1312 ||| DROPPING scroll of noise.
  1313 | D:1      | 1313 ||| DROPPING potion of flight.
  1342 | D:2      | Noticed Jessica
  1352 | D:2      | Found a faded altar of an unknown god.
  1356 | D:2      | Killed Jessica
  1357 | D:2      | Reached XP level 4. HP: 21/28 MP: 4/4
  1385 | D:2      | 1385 ||| FLEEEEING.
  1394 | D:2      | 1394 ||| STAIRDANCE
  1444 | D:2      | 1444 ||| Stepping ~*~*~tactically~*~*~ (stealth).
  1488 | D:2      | 1488 ||| Stepping ~*~*~tactically~*~*~ (stealth).
  1489 | D:2      | 1489 ||| Stepping ~*~*~tactically~*~*~ (stealth).
  1490 | D:2      | 1490 ||| Stepping ~*~*~tactically~*~*~ (stealth).
  1568 | D:2      | Found a sacrificial altar of Ru.
  1619 | D:2      | 1619 ||| Stepping ~*~*~tactically~*~*~ (hiding).
  1620 | D:2      | 1620 ||| Stepping ~*~*~tactically~*~*~ (hiding).
  1622 | D:2      | 1622 ||| Stepping ~*~*~tactically~*~*~ (hiding).
  1755 | D:2      | 1755 ||| Stepping ~*~*~tactically~*~*~ (stealth).
  2022 | D:2      | 2022 ||| UPGRADING to ring of positive energy.
  2023 | D:2      | 2023 ||| READING scroll labelled OSTROCR BESKI.
  2028 | D:2      | 2028 ||| READING 6 scrolls of identify.
  2028 | D:2      | 2028 ||| IDENTIFYING smoky clear potion
  2029 | D:2      | 2029 ||| READING 5 scrolls of identify.
  2029 | D:2      | 2029 ||| IDENTIFYING sedimented ruby potion
  2030 | D:2      | 2030 ||| READING 4 scrolls of identify.
  2030 | D:2      | 2030 ||| IDENTIFYING glowing brown potion
  2031 | D:2      | 2031 ||| READING 3 scrolls of identify.
  2031 | D:2      | 2031 ||| IDENTIFYING sapphire potion
  2032 | D:2      | 2032 ||| DROPPING potion of invisibility.
  2196 | D:3      | Reached XP level 5. HP: 32/32 MP: 5/5
  2332 | D:3      | 2332 ||| Stepping ~*~*~tactically~*~*~ (stealth).
  2342 | D:3      | 2342 ||| Stepping ~*~*~tactically~*~*~ (stealth).
  2343 | D:3      | 2343 ||| Stepping ~*~*~tactically~*~*~ (stealth).
  2416 | D:3      | You fall into a shaft and drop 1 floor!
  2567 | D:4      | 2567 ||| DROPPING +0 whip.
  2751 | D:4      | 2751 ||| READING scroll of enchant armour.
  2751 | D:4      | 2751 ||| ENCHANTING +1 pair of boots.
  2753 | D:4      | 2753 ||| READING scroll labelled CIAMNI HICHEY.
  2754 | D:4      | 2754 ||| READING 2 scrolls of identify.
  2754 | D:4      | 2754 ||| IDENTIFYING bubbling coppery potion
  2755 | D:4      | 2755 ||| DRINKING potion of experience.
  2755 | D:4      | Reached skill level 13 in Fighting
  2755 | D:4      | Reached XP level 6. HP: 52/52 MP: 6/6
  2828 | D:3      | Reached skill level 1 in Dodging
  2886 | D:3      | Reached XP level 7. HP: 57/57 MP: 7/7
  3067 | D:3      | 3067 ||| READING scroll of brand weapon.
  3067 | D:3      | 3067 ||| BRANDING +0 war axe of draining.
  3156 | D:3      | 3156 ||| DROPPING ring of wizardry.
  3307 | D:4      | 3307 ||| Stepping ~*~*~tactically~*~*~ (stealth).
  3308 | D:4      | 3308 ||| Stepping ~*~*~tactically~*~*~ (stealth).
  3312 | D:4      | 3312 ||| Stepping ~*~*~tactically~*~*~ (stealth).
  3320 | D:4      | 3320 ||| Stepping ~*~*~tactically~*~*~ (stealth).
  3321 | D:4      | 3321 ||| Stepping ~*~*~tactically~*~*~ (stealth).
  3489 | D:4      | Found a shimmering blue altar of Sif Muna.
  3489 | D:4      | Found a radiant altar of Vehumet.
  3635 | D:4      | 3635 ||| Stepping ~*~*~tactically~*~*~ (stealth).
  3784 | D:4      | 3784 ||| Stepping ~*~*~tactically~*~*~ (stealth).
  3786 | D:4      | Noticed Ijyb
  3787 | D:4      | 3787 ||| Stepping ~*~*~tactically~*~*~ (stealth).
  3788 | D:4      | 3788 ||| Stepping ~*~*~tactically~*~*~ (stealth).
  3805 | D:4      | 3805 ||| Stepping ~*~*~tactically~*~*~ (stealth).
  3818 | D:4      | Killed Ijyb
  4327 | D:4      | 4327 ||| READING scroll labelled IMOEHO BINUYV.
  4328 | D:4      | 4328 ||| READING 3 scrolls of identify.
  4328 | D:4      | 4328 ||| IDENTIFYING murky emerald potion
  4329 | D:4      | 4329 ||| READING 2 scrolls of identify.
  4329 | D:4      | 4329 ||| IDENTIFYING smoky brown potion
  4330 | D:4      | 4330 ||| DROPPING potion of magic.
  4379 | D:5      | Entered Level 5 of the Dungeon
  4395 | D:5      | Reached skill level 6 in Axes
  4491 | D:5      | Found a glowing golden altar of the Shining One.
  4494 | D:5      | Found a glowing silver altar of Zin.
  4494 | D:5      | Found a white marble altar of Elyvilon.
  4812 | D:5      | Found a stormy altar of Qazlal.
  4816 | D:5      | Found a snail-covered altar of Cheibriados.
  4939 | D:5      | 4939 ||| UPGRADING to +6 ring of dexterity.
  4940 | D:5      | 4940 ||| READING scroll labelled ACITWE PUESMA.
  4941 | D:5      | 4941 ||| DRINKING 3 sedimented sapphire potions.
  4942 | D:5      | 4942 ||| READING 2 scrolls of identify.
  4942 | D:5      | 4942 ||| IDENTIFYING smoky sapphire potion
  4977 | D:6      | 4977 ||| STAIRDANCE
  4992 | D:5      | Reached XP level 8. HP: 40/63 MP: 8/8
  5108 | D:6      | 5108 ||| STAIRDANCE
  5143 | D:6      | Noticed qw's ghost (novice GrFi)
  5143 | D:6      | Noticed a two-headed ogre
  5146 | D:6      | Found a transporter.
  5150 | D:6      | Found a transporter.
  5359 | D:6      | 5359 ||| DROPPING +0 flail.
  5361 | D:6      | Found a bloodstained altar of Trog.
  5376 | D:6      | 5376 ||| Stepping ~*~*~tactically~*~*~ (stealth).
  5377 | D:6      | 5377 ||| Stepping ~*~*~tactically~*~*~ (stealth).
  5378 | D:6      | 5378 ||| Stepping ~*~*~tactically~*~*~ (stealth).
  5380 | D:6      | 5380 ||| Stepping ~*~*~tactically~*~*~ (stealth).
  5608 | D:6      | Reached skill level 1 in Throwing
  5662 | D:6      | Noticed Maggie
  5664 | D:6      | 5664 ||| FLEEEEING.
  5665 | D:6      | 5665 ||| FLEEEEING.
  5666 | D:6      | 5666 ||| STAIRDANCE
  5709 | D:5      | 5709 ||| READING scroll labelled YXYMIBLYIT.
  5710 | D:5      | 5710 ||| READING 2 scrolls of identify.
  5710 | D:5      | 5710 ||| IDENTIFYING sedimented green potion
  5723 | D:6      | Killed Maggie
  5773 | D:6      | 5773 ||| DROPPING +1 flail of protection.
  5823 | D:6      | 5823 ||| UPGRADING to +0 acid dragon scales.
  5833 | D:6      | 5833 ||| DROPPING +0 scale mail.
  5834 | D:6      | 5834 ||| READING scroll of enchant armour.
  5834 | D:6      | 5834 ||| ENCHANTING +0 acid dragon scales.
  5845 | D:6      | 5845 ||| STAIRDANCE
  5849 | D:6      | 5849 ||| STAIRDANCE
  5853 | D:6      | 5853 ||| STAIRDANCE
  5857 | D:6      | 5857 ||| STAIRDANCE
  5861 | D:6      | 5861 ||| STAIRDANCE
  5865 | D:6      | 5865 ||| STAIRDANCE
  5869 | D:6      | 5869 ||| STAIRDANCE
  5873 | D:6      | 5873 ||| STAIRDANCE
  5877 | D:6      | 5877 ||| STAIRDANCE
  5881 | D:6      | 5881 ||| STAIRDANCE
  5885 | D:6      | 5885 ||| STAIRDANCE
  5889 | D:6      | 5889 ||| STAIRDANCE
  5893 | D:6      | 5893 ||| STAIRDANCE
  5897 | D:6      | 5897 ||| STAIRDANCE
  5901 | D:6      | 5901 ||| STAIRDANCE
  5905 | D:6      | 5905 ||| STAIRDANCE
  5909 | D:6      | 5909 ||| STAIRDANCE
  5968 | D:7      | 5968 ||| Stepping ~*~*~tactically~*~*~ (stealth).
  5972 | D:7      | 5972 ||| Stepping ~*~*~tactically~*~*~ (stealth).
  5974 | D:7      | 5974 ||| Stepping ~*~*~tactically~*~*~ (stealth).
  6005 | D:7      | Reached XP level 9. HP: 53/68 MP: 9/9
  6085 | D:7      | Noticed Pikel
  6086 | D:7      | 6086 ||| Stepping ~*~*~tactically~*~*~ (stealth).
  6088 | D:7      | 6088 ||| Stepping ~*~*~tactically~*~*~ (stealth).
  6106 | D:7      | Killed Pikel
  6175 | D:7      | 6175 ||| Stepping ~*~*~tactically~*~*~ (hiding).
  6176 | D:7      | 6176 ||| Stepping ~*~*~tactically~*~*~ (hiding).
  6177 | D:7      | 6177 ||| Stepping ~*~*~tactically~*~*~ (hiding).
  6179 | D:7      | 6179 ||| Stepping ~*~*~tactically~*~*~ (hiding).
  6180 | D:7      | 6180 ||| Stepping ~*~*~tactically~*~*~ (hiding).
  6300 | D:7      | 6300 ||| Stepping ~*~*~tactically~*~*~ (hiding).
  6303 | D:7      | 6303 ||| Stepping ~*~*~tactically~*~*~ (hiding).
  6381 | D:7      | 6381 ||| Stepping ~*~*~tactically~*~*~ (stealth).
  6404 | D:7      | HP: 11/68 [gnoll sergeant/+2 vorpal spear (11)]
  6405 | D:7      | 6405 ||| READING 3 scrolls of teleportation.
  6405 | D:7      | Killed from afar by a white imp

Levels and vault maps discovered:
D:1:      giann_forest_graveyard, layout_basic, serial_shops,
          nicolae_shop_advertising_works [nicolae_subvault_shop_adworks],
          serial_corexii_hall, corexii_hall_statues_s, corexii_hall_statues_l,
          minmay_liquid_box
D:2:      layout_basic, basic_altar, hellmonk_ecumenical_altar_crossroads,
          dreamdust_princess_corridor, uniq_jessica
D:3:      minmay_bubble_buster, layout_basic, hangedman_decor_clover_reticule,
          nrook_loot_triangle, st_stairs_14, minmay_misc_feat_four_crosses,
          minmay_misc_feat_more_columns
D:4:      kennysheep_the_goblin_king, layout_basic,
          chequers_temple_overflow_statue_of_worship
D:5:      layout_loops_ring, dreamdust_divine_triumvirate,
          nicolae_overflow_hidden_temple
D:6:      layout_gridville, mainiacjoe_overflow_tiny_flanked,
          gammafunk_ghost_smash, uniq_maggie
D:7:      layout_rooms, minmay_temple_entry_antechambers,
          hangedman_decor_growths, kb_rosetta, uniq_pikel, uniq_joseph

Skill      XL: |  1  2  3  4  5  6  7  8  9 |
---------------+----------------------------+-----
Axes           | 2 3 4 5 6 7 8 |  8.0
Fighting       | 13 | 13.3
Dodging        | 1 2 |  2.1
Throwing       | 1 |  1.2
Armour         | |  3.2
Shields        | |  3.2

Action                   |  1- 3 |  4- 6 |  7- 9 || total
-------------------------+-------+-------+-------++-------
Melee: War axe           |    84 |   102 |   270 ||   456
Throw: Boomerang         |    15 |    36 |    19 ||    70
  Use: Scroll            |     9 |     8 |    10 ||    27
       Potion            |       |     1 |     1 ||     2
Armor: Scale mail        |    42 |    65 |   116 ||   223
       Acid dragon scale |       |       |    92 ||    92
Dodge: Dodged            |    34 |    46 |   141 ||   221
Block: Buckler           |    17 |    20 |    58 ||    95

Table legend:
 A = Non-vault XP
 B = Vault XP
 C = Vault XP percentage of total XP
 D = Non-vault monster count
 E = Vault monster count
 F = Vault count percentage of total count
                 A         B        C        D         E       F
            +---------+---------+-------+---------+---------+-------
      Total |    1836 |    1127 |  38.0 |     133 |      23 |  14.7
            +---------+---------+-------+---------+---------+-------
        D:1 |      60 |       0 |   0.0 |      28 |       0 |   0.0
        D:2 |      59 |      37 |  38.5 |      17 |       1 |   5.6
        D:3 |     138 |      49 |  26.2 |      14 |      13 |  48.1
        D:4 |     309 |      47 |  13.2 |      30 |       7 |  18.9
        D:5 |     296 |       0 |   0.0 |      11 |       0 |   0.0
        D:6 |     566 |     365 |  39.2 |      15 |       1 |   6.2
        D:7 |     408 |     629 |  60.7 |      18 |       1 |   5.3
            +---------+---------+-------+---------+---------+-------
